 Dungeon Sprint DCSS version 0.30-a0-1112-gfb780f5df6 (webtiles) character file.

Game seed: 3313476759283911645

558 sircluck the Cleaver (level 7, -4/74 HPs)
             Began as a Hill Orc Berserker on Apr 19, 2023.
             Was an Elder of Trog.
             Killed from afar by a deep elf pyromancer (22 damage)
             ... with a bolt of fire
             ... in the Dungeon (Sprint III: "The Ten Rune Challenge").
             The game lasted 00:01:17 (476 turns).

sircluck the Cleaver (Hill Orc Berserker)            Turns: 476, Time: 00:01:17

Health: -4/74      AC:  2    Str: 22    XL:     7   Next: 31%
Magic:  7/7        EV: 13    Int:  7    God:    Trog [****..]
Gold:   61         SH:  0    Dex: 10    Spells: 6/6 levels left

rFire   . . .      SeeInvis .    a - +0 hand axe
rCold   . . .      Faith    .    (no shield)
rNeg    . . .      Spirit   .    b - +0 animal skin
rPois   .          Reflect  .    (no helmet)
rElec   .          Rampage  .    (no cloak)
rCorr   .          NoTele   +    (no gloves)
Will    .....                    (no boots)
Stlth   +                        (no amulet)
HPRegen 0.32/turn                (no ring)
MPRegen 0.10/turn                (no ring)

@: on berserk cooldown, slowed, very slow
A: no striking features
a: Renounce Religion, Berserk, Trog's Hand, Brothers in Arms


You were in the Dungeon.
You worshipped Trog.
Trog was greatly pleased with you.
You visited 1 branch You collected 61 gold pieces.

Inventory:

Hand Weapons
 a - a +0 hand axe (weapon)
Armour
 b - a +0 animal skin (worn)
Wands
 m - a wand of mindburst (10)
Scrolls
 h - a scroll of blinking
 i - 3 scrolls of poison {unknown}
 j - 2 scrolls of identify
Potions
 c - a potion of curing
 d - a potion of heal wounds
 e - a potion of haste
 f - 2 potions of magic
 g - a potion of berserk rage
 k - 2 potions of flight {unknown}
 l - 2 potions of cancellation {unknown}


   Skills:
 + Level 11.0 Fighting
 + Level 14.0 Axes
 + Level 4.8 Armour
 + Level 4.9 Dodging


You had 6 spell levels left.
You didn't know any spells.
Your spell library was empty.

Dungeon Overview and Level Annotations

Branches:
Dungeon (1/1)

Altars:
Dithmenos
Elyvilon
Kikubaaqudgha
Okawaru
Ru
Sif Muna
Trog
Uskayaw
Vehumet
Wu Jian
Yredelemnul
Zin
The Shining One
Beogh


Message History

The deep elf pyromancer gestures wildly while chanting.
You hit the deep elf pyromancer.
The deep elf pyromancer is moderately wounded.
You hit the fire elemental.
The deep elf pyromancer gestures at you while chanting.
The sticky flame hits you. The fire elemental hits you.
The fire elemental burns you!
You closely miss the deep elf pyromancer.
The deep elf pyromancer is moderately wounded.
You hit the fire elemental but do no damage.
You are engulfed in a cloud of scalding steam.
The deep elf pyromancer closely misses you.
The fire elemental hits you. The fire elemental burns you!
You completely miss the deep elf pyromancer.
The deep elf pyromancer is moderately wounded.
You closely miss the fire elemental. The fire elemental hits you.
The fire elemental burns you!
The deep elf pyromancer is engulfed in a cloud of scalding steam.
The deep elf pyromancer hits you with a +0 long sword of holy wrath.
You are too injured to fight recklessly!
You are too injured to fight recklessly!
You are too injured to fight recklessly!
You are too injured to fight recklessly!
You are too injured to fight recklessly!
You are too injured to fight recklessly!
You are too injured to fight recklessly!
You hit the deep elf pyromancer.
The deep elf pyromancer is severely wounded.
You barely miss the fire elemental. The fire elemental misses you.
The deep elf pyromancer points at you and mumbles some strange words.
The sticky flame hits you!
You hit the deep elf pyromancer.
The deep elf pyromancer is severely wounded.
You hit the fire elemental but do no damage.
You are engulfed in a cloud of scalding steam.
* * * LOW HITPOINT WARNING * * *
The fire elemental misses you.
The deep elf pyromancer casts a spell at you.
The bolt of fire hits you!!
You die...

▓▓▓▓▓▓▓▓ ▓▓▓ !.'....♣♣♣
♣.############ !.#......♣
♣.#___#___#__# ###......♣
♣♣.#!..#__.#._#
..#....~.♣♣♣..###'#'###)##
..#...~~♣.♣♣♣.#..........#
..#..~~~~...♣.'.⌠........#
#'#..~≈≈~~~...#...######+#
).#.~~≈~~~....#E@.#
†.#.~≈~~~.....#.e.#
..#†~~~.......#)###
###...........#):.#
..............#___#
▓▓▓▓▓▓▓▓▓▓▓▓▓▓▓▓▓▓▓


You could see a deep elf pyromancer and a fire elemental (summoned).

Vanquished Creatures
  A water elemental (D)
  A scorpion (D)
  A necrophage (D)
  Jessica (D)
  A necromancer (D)
  A kobold demonologist (D)
  3 humans (D)
  3 rats (D)
12 creatures vanquished.

Vanquished Creatures (others)
  A wizard (D)
1 creature vanquished.

Grand Total: 13 creatures vanquished

Notes
Turn   | Place    | Note
-------+----------+-------------------------------------------
     0 | D        | sircluck the Hill Orc Berserker began the quest for the
                  | Orb.
     0 | D        | Reached XP level 1. HP: 19/19 MP: 1/1
    28 | D        | Noticed Jessica
    35 | D        | Reached ** piety under Trog
    37 | D        | Killed Jessica
    38 | D        | Reached skill level 5 in Fighting
    38 | D        | Reached skill level 6 in Axes
    38 | D        | Reached XP level 2. HP: 26/30 MP: 2/2
    38 | D        | Reached XP level 3. HP: 33/37 MP: 3/3
    93 | D        | Reached skill level 7 in Axes
   103 | D        | Noticed a scorpion
   110 | D        | Killed a scorpion
   110 | D        | Reached *** piety under Trog
   111 | D        | Reached skill level 8 in Axes
   111 | D        | Reached XP level 4. HP: 33/47 MP: 4/4
   168 | D        | Noticed a water elemental
   177 | D        | Killed a water elemental
   178 | D        | Reached skill level 10 in Axes
   178 | D        | Reached XP level 5. HP: 55/55 MP: 5/5
   227 | D        | Found a basalt altar of Yredelemnul.
   227 | D        | Found a shadowy altar of Dithmenos.
   227 | D        | Found a sacrificial altar of Ru.
   245 | D        | Reached skill level 11 in Axes
   245 | D        | Reached XP level 6. HP: 49/63 MP: 6/6
   290 | D        | Found a radiant altar of Vehumet.
   290 | D        | Found a shimmering blue altar of Sif Muna.
   290 | D        | Found an ancient bone altar of Kikubaaqudgha.
   300 | D        | Reached **** piety under Trog
   381 | D        | Found a glowing silver altar of Zin.
   381 | D        | Found a glowing golden altar of the Shining One.
   381 | D        | Found a white marble altar of Elyvilon.
   385 | D        | Found a hide-covered altar of Uskayaw.
   385 | D        | Found a roughly hewn altar of Beogh.
   385 | D        | Found an iron altar of Okawaru.
   385 | D        | Found a bloodstained altar of Trog.
   385 | D        | Found an ornate altar of the Wu Jian Council.
   385 | D        | Noticed a human
   387 | D        | Noticed a human
   397 | D        | Killed a human
   398 | D        | Reached skill level 10 in Fighting
   398 | D        | Reached skill level 13 in Axes
   401 | D        | Killed a human
   402 | D        | Reached skill level 14 in Axes
   402 | D        | Reached XP level 7. HP: 74/74 MP: 7/7
   464 | D        | Noticed a deep elf pyromancer
   472 | D        | Noticed a fire elemental
   476 | D        | Killed from afar by a deep elf pyromancer

Illustrated notes

Levels and vault maps discovered:
D:        dungeon_sprint_mu [sprint_mu_entry_forest, sprint_mu_temple_rooms,
          sprint_mu_d1_horrors, sprint_mu_d2_genie, sprint_mu_d3_branching,
          sprint_mu_orc_legion, sprint_mu_elf_gauntlet, sprint_mu_hive_nellie,
          sprint_mu_lair_fedhas, sprint_mu_vaults_butterflies,
          sprint_mu_slime_circle, sprint_mu_swamp_cave, sprint_mu_shoals_kraken,
          sprint_mu_blade_basic, sprint_mu_crypt_chambers,
          sprint_mu_tomb_spiral, sprint_mu_vestibule_basic,
          sprint_mu_gehenna_hellfire, sprint_mu_dis_giant,
          sprint_mu_tartarus_statrot, sprint_mu_cocytus_islands, sprint_mu_zot1]

Skill      XL: |  1  2  3  4  5  6 |
---------------+-------------------+-----
Fighting       | 5 7 8 9 11 | 11.0
Axes           | 6 8 10 11 14 | 14.0
Dodging        | 2 3 4 |  4.9
Armour         | 3 4 |  4.8

Action                     |  1- 3 |  4- 6 |  7- 9 || total
---------------------------+-------+-------+-------++-------
  Melee: Hand axe          |    25 |    46 |     6 ||    77
 Invoke: Berserk           |     1 |     2 |     1 ||     4
 Armour: Animal skin       |     2 |     3 |     2 ||     7
  Dodge: Dodged            |    20 |    15 |     3 ||    38

Table legend: (Time is in decaauts)
 A = Elapsed time spent in this place.
 B = Non-inter-level travel time spent in this place.
 C = Inter-level travel time spent in this place.
 D = Time resting spent in this place.
 E = Time spent auto-exploring this place.
 F = Levels seen in this place.
 G = Mean time per level.
                   A        B        C        D        E       F      G
               +--------+--------+--------+--------+--------+-----+--------+
         Total |    498 |    498 |      0 |    126 |    173 |   1 |  498.0 |
       Dungeon |    498 |    498 |      0 |    126 |    173 |   1 |  498.0 |
               +--------+--------+--------+--------+--------+-----+--------+

Top non-repeatable levels by time:
       D: 498 daAuts
